 Dungeon Crawl Stone Soup version 0.21-a0-71-g5e5ddd2 (webtiles) character file.

43 Ijustatesigmund the Charlatan (level 3, -3/25 HPs)
             Began as an Octopode Artificer on June 19, 2017.
             Slain by a gnoll
             ... wielding a +0 halberd
              (17 damage)
             ... on level 2 of the Dungeon.
             The game lasted 00:02:32 (1210 turns).

Ijustatesigmund the Charlatan (Octopode Artificer)  Turns: 1210, Time: 00:02:32

Health: -3/25      AC:  1    Str: 11    XL:     3   Next: 58%
Magic:  5/5        EV: 13    Int: 13    God:
Gold:   104        SH:  0    Dex: 13    Spells: 2/2 levels left

rFire    . . .     SeeInvis .   n - +0 short sword (curse)
rCold    . . .     Gourm    .   (no shield)
rNeg     . . .     Faith    .   (helmet restricted)
rPois    .         Spirit   .   (no amulet)
rElec    .         Reflect  .   (no ring)
rCorr    .         Harm     .   (no ring)
MR       .....                  (no ring)
Stlth    +++.......             (no ring)
HPRegen  0.08/turn              (no ring)
MPRegen  0.09/turn              (no ring)
                                (no ring)
                                (no ring)

@: no status effects
A: almost no armour, stealthy swim, amphibious, 8 rings, constrict 8, camouflage
1, gelatinous body 1
a: no special abilities


You were on level 2 of the Dungeon.
You were not hungry.

You visited 1 branch of the dungeon, and saw 2 of its levels.

You collected 104 gold pieces.

Inventory:

Hand Weapons
 a - a +0 short sword
 n - a cursed +0 short sword (weapon)
Missiles
 j - a throwing net (quivered)
Wands
 b - a wand of flame (15/48)
 c - a wand of enslavement (15/24)
 d - a wand of random effects (15/48)
 k - a wand of flame (32/48)
Scrolls
 m - a scroll of recharging {unknown}
Potions
 e - a potion of heal wounds
 g - a potion of haste
 h - a potion of lignification {unknown}
 i - a potion of degeneration {unknown}
Comestibles
 f - a bread ration
 l - a royal jelly


   Skills:
 + Level 2.6 Fighting
 + Level 2.2 Short Blades
 - Level 2.0 Dodging
 - Level 1.3 Stealth
 - Level 3.2 Evocations


You had 2 spell levels left.
You didn't know any spells.

Dungeon Overview and Level Annotations

Branches:
Dungeon (2/15)

Altars:


Innate Abilities, Weirdness & Mutations

You cannot wear most types of armour.
You are very stealthy in the water. (Stealth+)
You are amphibious.
You can wear up to eight rings at the same time.
You can use your tentacles to constrict eight enemies at once.
Your skin changes colour to match your surroundings (Stealth+).
Your rubbery body absorbs attacks. (AC +1, EV +1)


Message History

You hit the jackal. You grab the jackal.
The jackal is almost dead.
You constrict the jackal.
You kill the jackal!
The gnoll hits you but does no damage. The jackal bites you.
You hit the jackal. Your grab misses the jackal.
The jackal is moderately wounded.
The jackal closely misses you. The gnoll completely misses you.
You closely miss the jackal. You grab the jackal.
The jackal is moderately wounded.
You constrict the jackal. The jackal barely misses you.
The gnoll closely misses you.
You completely miss the jackal.
The jackal is severely wounded.
You constrict the jackal.
You kill the jackal!
The gnoll hits you with a halberd!
Ouch! That really hurt!
You die...

###### ........#
#...##..##### #(....
.......# #...........
#..... ......###
#.###...#.## #.....
##....>..# #.##........
#..... #....# #.#
#.....#...##
#.....###....#
#.###...#.#..##
#......##....#
#.##..#.#.#).###
#..#....###....##...#..#..
##......g@....####.....#.#
###....###.#...###..#...#
###....#.....#...........
#.............#........#.
#..........##..........#.
#..................#.....
#..................#.....
#...b...<.#####....#.....
..........)..#......#.....


You could see a gnoll.

Vanquished Creatures
  2 gnolls (D:2)
  A worm (D:2)
  A leopard gecko (D:2)
  A goblin (D:1)
  3 jackals (D:2)
  A quokka (D:2)
  4 bats
  3 frilled lizards
  4 kobolds
  3 rats
23 creatures vanquished.

Notes
Turn   | Place    | Note
-------+----------+-------------------------------------------
     0 | D:1      | Ijustatesigmund the Octopode Artificer began the quest for the Orb.
     0 | D:1      | Reached XP level 1. HP: 13/13 MP: 3/3
   243 | D:1      | You fall through a shaft!
   281 | D:2      | Reached XP level 2. HP: 18/18 MP: 4/4
  1068 | D:2      | Reached XP level 3. HP: 24/24 MP: 5/5
  1210 | D:2      | Slain by a gnoll

Vault maps used:
D:1:      dpeg_arrival_round_c
D:2:      lemuel_doored_altar, first_bread

Skill      XL: |  1  2 |
---------------+-------+-----
Fighting       | 2 |  2.6
Short Blades   | 2 |  2.2
Dodging        | |  2.0
Stealth        | |  1.3
Evocations     | |  3.2

Action                   || total
-------------------------++-------
Melee: Short sword       ||    51
       Constrict         ||    15
       Tentacles         ||    11
  Use: Potion            ||     2
       Scroll            ||     1
 Stab: Sleeping          ||     5
  Eat: Chunk             ||     1
Armor: Skin              ||     5
Dodge: Dodged            ||    34
